[Event "*** Titled Tuesday Blitz"]
[Site "Chess.com"]
[Date "2019.12.03"]
[Round "1"]
[White "Leonid_Starozhilov"]
[Black "Kosche007"]
[Result "1-0"]
[WhiteElo "2673"]
[BlackElo "2321"]
[TimeControl "180+2"]
[EndTime "13:09:23 PST"]
[Termination "Leonid_Starozhilov won by resignation"]

1. Nf3 Nf6 2. g3 g6 3. Bg2 Bg7 4. O-O O-O 5. d3 d6 6. e4 c5 7.
c3 Nc6 8. Re1 Rb8 9. Bf4 Bg4 10.
h3 Bxf3 11. Bxf3 Nd7 12. Nd2 b5 13. Nb3 b4 14. Rc1 bxc3 15. bxc3 Nce5 16. Be2 c4 17.
dxc4 Qc7 18. Bg5 Rfe8 19. Be3 Nxc4 20. Bd4 e5 21. Bxc4 Qxc4 22. Be3 Nf6 23. Qc2 d5 24. exd5 Nxd5 25. Bxa7 Ra8 26. Be3 Nxe3 27. Rxe3 Bh6 28.
Re4 Qc8 29. Rce1 Bg7 30. c4 f5 31. R4e2 e4 32. c5 h5 33. g4 hxg4 34. hxg4 Be5 35. gxf5 gxf5 36. f3 Ra7 37. fxe4 Rg7+ 38. Rg2 Re7 39.
Re2 f4 40. Rxg7+ Rxg7+ 41. Rg2 f3 42. Rxg7+ Kxg7 43. Qf2 Qh3 44. Nd4 Kg8 45. Nxf3 Bf4 46.
Qg2+ Qxg2+ 47. Kxg2 Kf7 48. Kf2 Ke6 49. Ke2 Kd7 50. Kd3 Kc6 51. Kc4 Be3 52. Nd4+ 1-0

[Event "*** Titled Tuesday Blitz"]
[Site "Chess.com"]
[Date "2019.12.03"]
[Round "1"]
[White "Donseng"]
[Black "allvim"]
[Result "1/2-1/2"]
[WhiteElo "2562"]
[BlackElo "2204"]
[TimeControl "180+2"]
[EndTime "13:09:23 PST"]
[Termination "Game drawn by agreement"]

1. Nf3 Nf6 2. c4 c5 3. g3 Nc6 4. Bg2 g6 5. O-O Bg7 6. Nc3 O-O 7. d4 cxd4 8. Nxd4 Nxd4 9. Qxd4 d6 10. b3 Nd7 11. Qd2 Rb8 12. Bb2 a6 13. Nd5 Bxb2 14.
Qxb2 b5 15. Rac1 Bb7 16. h4 h5 17. Rfd1 Nb6 18. Qd4 Nxd5 19. cxd5 Qa5 20. Qd2 Qxd2 21.
Rxd2 Rfc8 22. Rdc2 Rxc2 23. Rxc2 Rc8 24. Rxc8+ Bxc8 25. b4 Kg7 26. f4 Kf6 27. Kf2 Bg4 28. Ke3 Bf5 29. Kd4 Bd7 30. e4 Bg4 31. e5+ Kg7 32. Be4 Kf8 33. Bd3 Ke8 34. e6 Kf8 35. exf7 Kxf7 36.
a4 Bd7 37. a5 Bg4 38. Ke3 Kf6 39. Be4 Bd7 40. Kf3 Bh3 41. Kf2 Bg4 42. Ke3 Bd7 43. Bf3 Bf5 44. Kf2 Bd7 45. Be2 Bf5 46. Ke3 Bd7 47. Bd3 Bg4 48. Bf1 Bf5 49. Bg2 Bd7 50.
Be4 Bg4 51. Bh1 Bd7 52. Be4 Bg4 1/2-1/2

[Event "*** Titled Tuesday Blitz"]
[Site "Chess.com"]
[Date "2019.12.03"]
[Round "1"]
[White "SHIVACalypso"]
[Black "Ambitiousresolutions"]
[Result "0-1"]
[WhiteElo "2299"]
[BlackElo "2634"]
[TimeControl "180+2"]
[EndTime "13:09:27 PST"]
[Termination "Ambitiousresolutions won by resignation"]

1. Nf3 Nf6 2. c4 g6 3. g3 Bg7 4. Bg2 c6 5. O-O Kf8 6. d4 d5 7. cxd5 cxd5 8. Nc3 Nc6 9. Ne5 e6 10. b3 Nxe5 11. dxe5 Nd7 12. Ba3+ Kg8 13. f4 Qa5 14.
Bb2 h5 15. e4 Qb6+ 16. Kh1 h4 17. g4 h3 18. Bf3 d4 19. Ne2 g5 20. Bxd4 Qa5 21.
Qe1 Qxe1 22. Raxe1 gxf4 23. Nxf4 Bxe5 24. Bxe5 Nxe5 25. Rd1 Bd7 26. Be2 Bc6 27. Kg1 Bxe4 28. Rd4 Bc6 29. Rfd1 Kg7 30. Kf2 Kf6 31. Kg3 Rag8 32.
Nxh3 Ke7 33. Nf2 f5 34. h3 Ng6 35. R4d2 e5 36. Bc4 f4+ 37. Kh2 Nh4 38. Bd5 Rd8 39. Bxc6 Rxd2 40. Rxd2 bxc6 41. Re2 Ke6 42. Nd3 Ng6 43. Kg2 Kd5 44. Nf2 Nh4+ 45. Kf1 Nf3 46. Kg2 Nd4 47. Re4 a5 48. g5 Rh5 49. h4 Rxh4 50. Re1 Rh5 51. Nh3 Rh4 52. Kh2 Rg4 53.
Rd1 Ke6 54. a3 Kf5 55. b4 Nf3+ 56. Kh1 Rg3 57. Nf2 axb4 58. a4 Rxg5 59. a5 Rg8 60. Ra1 b3 61. a6 Ra8 62. Nd3 Nd2 63.
Nc5 b2 64. Rd1 b1=Q 65. Rxb1 Nxb1 0-1

[Event "*** Titled Tuesday Blitz"]
[Site "Chess.com"]
[Date "2019.12.03"]
[Round "1"]
[White "Lovkov_Roman"]
[Black "marianokar"]
[Result "1-0"]
[WhiteElo "2774"]
[BlackElo "2408"]
[TimeControl "180+2"]
[EndTime "13:09:28 PST"]
[Termination "Lovkov_Roman won by resignation"]

1. e4 c5 2. c3 g6 3. h4 h5 4. Nf3 Nf6 5. e5 Nd5 6. d4 cxd4 7. Qxd4 e6 8. Bg5 Be7 9. Nbd2 Nc6 10. Qe4 d6 11. Bxe7 Qxe7 12. exd6 Qxd6 13. Nc4 Qf4 14. Qxf4 Nxf4 15. g3 Nd5 16. Bg2 Ke7 17. O-O-O b5 18.
Nfe5 Nxe5 19. Bxd5 exd5 20. Nxe5 Be6 21. Rd4 a5 22.
Re1 Rhc8 23. a3 Kf6 24. Rf4+ Kg7 25. Kd2 Rc7 26. Rd4 Rb8 27. Nd3 Rc4 28. Nf4 Rxd4+ 29. cxd4 Kf6 30. Rc1 b4 31. a4 b3 32. Nd3 Bf5 33.
Rc6+ Ke7 34. Rc5 Bxd3 35. Kxd3 Kd6 36. Rxa5 Rc8 37. Rc5 Re8 38. Rb5 Re1 39. Rxb3 Ra1 40. Ra3 Rb1 41. b3 Kc6 42. a5 Kb7 43. a6+ Ka7 44. Ke3 f6 45. f3 Rb2 46. Kf4 Rb1 47. Ra5 Rxb3 48. Rxd5 Rb6 49. Ra5 Rd6 50. d5 Rb6 51. Ra4 Rxa6 52. Rxa6+ Kxa6 53. g4 Kb5 54. gxh5 1-0

[Event "*** Titled Tuesday Blitz"]
[Site "Chess.com"]
[Date "2019.12.03"]
[Round "1"]
[White "Man-Chuk"]
[Black "GelmanAlexander"]
[Result "1-0"]
[WhiteElo "2926"]
[BlackElo "2498"]
[TimeControl "180+2"]
[EndTime "13:09:30 PST"]
[Termination "Man-Chuk won by resignation"]

1. d4 Nf6 2. c4 c5 3. Nf3 cxd4 4. Nxd4 b6 5. Nc3 Bb7 6. f3 d6 7. e4 a6 8. Be3 e6 9. Be2 Nbd7 10. O-O Rc8 11. Rc1 Rg8 12. b3 g5 13. Bd3 Be7 14.
Qe2 Qc7 15. Bf2 Ne5 16. Bb1 Nh5 17. g3 Nf6 18. Be3 h6 19. Kh1 Qb8 20. h3 h5 21.
f4 gxf4 22. gxf4 Qa8 23. fxe5 dxe5 24. Nf3 Nxe4 25. Nxe4 Bxe4 26. Bxe4 Qxe4 27. Qf2 b5 28. c5 f5 29. Rg1 Kf7 30. Rxg8 Rxg8 31. Rg1 Rxg1+ 32.
Kxg1 f4 33. Bd2 Qd5 34. b4 Ke8 35. Bc3 e4 36. Nd4 Qg5+ 37. Qg2 Qd5 38. Qg8+ Kd7 39.
c6+ Kc7 40. Qxe6 Qxe6 41. Nxe6+ Kxc6 42. Nxf4 Bd6 43. Bd2 Bxf4 44. Bxf4 Kd5 45. Kf2 Kc4 46. Bd6 Kd3 47. Bc5 Kc2 48. Ke3 Kb2 49. Bb6 Kxa2 50.
Ba5 Kb3 51. Kxe4 Kc4 52. Kf5 Kd5 53. Kg5 Ke5 54. Kxh5 Kf5 55. h4 1-0

[Event "*** Titled Tuesday Blitz"]
[Site "Chess.com"]
[Date "2019.12.03"]
[Round "1"]
[White "Saitama_Hero"]
[Black "Kostya_Nikologorskiy"]
[Result "1-0"]
[WhiteElo "2332"]
[BlackElo "2643"]
[TimeControl "180+2"]
[EndTime "13:09:32 PST"]
[Termination "Saitama_Hero won by resignation"]

1. d4 Nf6 2. c4 e6 3. Nc3 Bb4 4. f3 d5 5. a3 Bxc3+ 6. bxc3 O-O 7.
cxd5 exd5 8. e3 Bf5 9. g4 Bg6 10. Bg2 c5 11. Ne2 Nc6 12. O-O Re8 13. Nf4 Rc8 14. h4 cxd4 15. cxd4 Na5 16. Rf2 Qc7 17. g5 Bc2 18. Qf1 Nd7 19. Nxd5 Qd6 20. e4 Nb3 21. Bf4 Qg6 22. Bh3 Bxe4 23. fxe4 Qxe4 24. Bg2 Qxd4 25.
Rd1 Qc5 26. Bh3 Rcd8 27. Qd3 Nb6 28. Nf6+ gxf6 29. Qxd8 Rxd8 30. Rxd8+ Kg7 31. gxf6+ Kg6 32. Rg8+ Kh5 33. Bg4+ Kxh4 34. Kf1 Qc4+ 35. Be2 Nd2+ 36. Bxd2 Qe6 37. Rh2+ Qh3+ 38. Rxh3+ Kxh3 39. Bf4 Nd5 40. Bg4+ Kh4 41. Be5 h5 42. Bf3 Ne3+ 43. Ke2 Nf5 44.
Kf2 b5 45. Rg1 Nh6 46. Bf4 Ng4+ 47. Bxg4 b4 48. Kf3 hxg4+ 49. Rxg4+ Kh5 50. Kg3 bxa3 51. Rg5+ Kh6 52. Ra5+ Kg6 53. Ra6 Kf5 54. Bd2 Ke5 55. Bc3+ Ke4 56. Rxa3 1-0

[Event "*** Titled Tuesday Blitz"]
[Site "Chess.com"]
[Date "2019.12.03"]
[Round "1"]
[White "PeshkaNavalnogo12"]
[Black "TigrVShlyape"]
[Result "1/2-1/2"]
[WhiteElo "2470"]
[BlackElo "2850"]
[TimeControl "180+2"]
[EndTime "13:09:36 PST"]
[Termination "Game drawn by repetition"]

1. d4 d5 2. Nf3 Nf6 3. c4 c6 4. Nc3 a6 5. e3 g6 6. h3 Bg7 7. b3 O-O 8. Bd3 c5 9. O-O Nc6 10.
cxd5 Nxd5 11. Nxd5 Qxd5 12. Bb2 cxd4 13. exd4 Qd6 14.
Re1 Be6 15. Bc4 Bd5 16. Ne5 e6 17. Rc1 Ne7 18. Bf1 Rfd8 19. Qd2 Rac8 20. Rxc8 Rxc8 21.
Rc1 Rd8 22. Nc4 Bxc4 23. Rxc4 Nc6 24. a4 Bxd4 25. Bxd4 Nxd4 26. Qb4 b5 27. Qxd6 Rxd6 28. Rc8+ Kg7 29. axb5 axb5 30. b4 Ra6 31. Rd8 Nc6 32. Rc8 Nxb4 33. Bxb5 Ra5 34. Be8 Nd5 35. g3 g5 36. Rb8 Ra7 37. Bc6 Ne7 38. Be4 Ra4 39. Rb7 Nc8 40. Bc2 Rc4 41. Bd3 Rd4 42. Be2 Nd6 43. Rc7 h6 44. Bh5 Kf6 45. Kg2 Rb4 46.
Rd7 Rb6 47. Kg1 e5 48. Kg2 Ke6 49. Ra7 e4 50. Kg1 Rb1+ 51. Kg2 Rb2 52. Kg1 f5 53.
Rh7 Ke5 54. Rxh6 f4 55. Rg6 e3 56. Rxg5+ Kd4 57. fxe3+ fxe3 58. Bf3 Rb1+ 59. Kg2 Rb2+ 60.
Kg1 Rb1+ 61. Kg2 Rb2+ 62. Kg1 1/2-1/2

[Event "*** Titled Tuesday Blitz"]
[Site "Chess.com"]
[Date "2019.12.03"]
[Round "1"]
[White "Sjakkerntobi"]
[Black "AliKa2810"]
[Result "0-1"]
[WhiteElo "2136"]
[BlackElo "2569"]
[TimeControl "180+2"]
[EndTime "13:09:39 PST"]
[Termination "AliKa2810 won by resignation"]

1. e4 e6 2. d4 d5 3. Nd2 c5 4.
Ngf3 Nc6 5. exd5 exd5 6. Bb5 Qe7+ 7. Qe2 Qxe2+ 8. Bxe2 Bf5 9. c3 cxd4 10. Nxd4 Nxd4 11.
cxd4 Ne7 12. O-O Nc6 13. Nb3 Bd6 14. Bf3 O-O-O 15. Bg5 f6 16. Bh4 Rhe8 17. Rfe1 g5 18. Bg3 Bxg3 19. hxg3 Rxe1+ 20. Rxe1 Kc7 21. Rc1 b6 22.
Nd2 Kd6 23. Nb3 a5 24. a4 Re8 25. g4 Bd3 26. Rc3 Bc4 27. Nd2 Nxd4 28. Nxc4+ dxc4 29. Rxc4 Re1+ 30. Kh2 Nxf3+ 31. gxf3 Re2 32. b4 Rxf2+ 33. Kg3 Rb2 34. bxa5 bxa5 35. Rd4+ Kc5 36. Rd7 Ra2 37. Rxh7 Rxa4 38. Rf7 Rf4 39. Kf2 a4 40. Ke3 Kb6 41. Rf8 Kc5 42. Rc8+ Kb4 43. Rb8+ Kc3 44. Rc8+ Kb3 45.
Rb8+ Ka2 46. Rb7 a3 47. Rb6 Ka1 48. Rb7 a2 49. Rb6 Rc4 50. Rxf6 Rb4 51. Rd6 Kb2 52.
Rd2+ Kb3 53. Rd1 Ra4 54. Rd3+ Kc2 55. Rd2+ Kc1 56. Rxa2 Rxa2 57. f4 Ra3+ 58. Ke4 Ra4+ 59. Kf5 gxf4 60. g5 f3 61. g6 f2 62. g7 f1=Q+ 63.
Kg6 Rg4+ 64. Kh7 Qh3+ 65. Kg8 Rxg7+ 66. Kxg7 Qe6 67. Kh8 Qe7 68. Kg8 Kd2 69. Kh8 Ke3 70.
Kg8 Kf4 71. Kh8 Kg5 0-1

[Event "*** Titled Tuesday Blitz"]
[Site "Chess.com"]
[Date "2019.12.03"]
[Round "1"]
[White "pedromartinez91"]
[Black "ChessWarrior7197"]
[Result "1-0"]
[WhiteElo "2516"]
[BlackElo "2931"]
[TimeControl "180+2"]
[EndTime "13:09:46 PST"]
[Termination "pedromartinez91 won by resignation"]

1. Nf3 Nf6 2. g3 b6 3. Bg2 Bb7 4. O-O g6 5. d4 Bg7 6. c4 O-O 7. Re1 e6 8. Qc2 c5 9. dxc5 bxc5 10. Nc3 Nc6 11. Bf4 Ne8 12. Rad1 h6 13. Be3 Qe7 14.
Qd2 Na5 15. b3 Nc6 16. Bxh6 d6 17. Bxg7 Kxg7 18. Ng5 Rd8 19. h4 Nf6 20. Qb2 Nd4 21. e3 Bxg2 22. exd4 cxd4 23. Kxg2 dxc3 24. Qxc3 Kg8 25.
Rd2 d5 26. Red1 Rd7 27. Qe5 Rfd8 28. cxd5 Nxd5 29. Ne4 f6 30. Qb2 Kf7 31. Nc3 Nb4 32.
Rxd7 Rxd7 33. Rxd7 Qxd7 34. Ne4 Nd5 35. Qd2 Qc6 36.
f3 Ne7 37. Qd4 e5 38. Qc4+ Qxc4 39. bxc4 Ke6 40. Kf2 Nf5 41. Ke2 Nd4+ 42. Ke3 f5 43.
Nd2 Kd6 44. Nb3 Nc2+ 45. Kd2 Nb4 46. a3 Nc6 47. Ke3 Nd8 48. g4 Ne6 49. h5 gxh5 50. gxh5 Ng5 51. f4 Ne6 52. c5+ Kd5 53. fxe5 Kxe5 54.
c6 Kd6 55. h6 f4+ 56. Ke4 Kxc6 57. Nd4+ 1-0

[Event "*** Titled Tuesday Blitz"]
[Site "Chess.com"]
[Date "2019.12.03"]
[Round "1"]
[White "Jenia84"]
[Black "skoularikii"]
[Result "1-0"]
[WhiteElo "2207"]
[BlackElo "2554"]
[TimeControl "180+2"]
[EndTime "13:09:59 PST"]
[Termination "Jenia84 won by resignation"]

1. e4 e5 2. Nf3 Nc6 3. Bc4 Bc5 4. d3 Nf6 5. O-O O-O 6. c3 a5 7. d4 Bb6 8. dxe5 Nxe4 9. Qe2 d5 10. exd6 Nxd6 11.
Bd3 Re8 12. Qc2 h6 13. Bf4 Bg4 14. Nbd2 Qf6 15. Bg3 a4 16. h3 Bd7 17. Bh4 g5 18. Bg3 Rad8 19. Rfe1 Nf5 20. Ne4 Qg7 21. Bh2 Nce7 22.
g4 Nh4 23. Nxh4 gxh4 24. Rad1 h5 25. g5 Kf8 26. Bf4 Nd5 27. Bc1 Bxh3 28. c4 Nb4 29. Qe2 Bg4 30. Qf1 Bxd1 31. Rxd1 Nxd3 32. Rxd3 Qe5 33.
Nf6 Rxd3 34. Qxd3 Qe1+ 35. Kg2 Qxf2+ 36. Kh3 Qg3+ 37. Qxg3 hxg3 38. Nxe8 Kxe8 39. Kxg3 Ke7 40. Kh4 Ke6 41. Kxh5 Kf5 42. b3 axb3 43. axb3 Bd4 44. Kh6 c6 45. Kh7 Bc5 46. Kg7 Ke6 47. Bb2 Be3 48. Bf6 b5 49. cxb5 cxb5 50. Kf8 Bf4 51. Kg7 Be3 52. Kf8 Bc5+ 53. Kg7 Bd6 54. Kg8 Be7 55.
Bxe7 Kxe7 56. Kg7 Ke6 57. Kf8 b4 58. Ke8 f5 59. gxf6 Kxf6 60. Kd7 Ke5 61. Kc6 Kd4 62.
Kb5 Kc3 63. Ka4 Kd4 64. Kxb4 Kd5 65. Kb5 1-0

[Event "*** Titled Tuesday Blitz"]
[Site "Chess.com"]
[Date "2019.12.03"]
[Round "1"]
[White "PavelChernomordik"]
[Black "DangerousPlayer1st"]
[Result "1/2-1/2"]
[WhiteElo "2431"]
[BlackElo "2777"]
[TimeControl "180+2"]
[EndTime "13:10:02 PST"]
[Termination "Game drawn - insufficient material"]

1. e4 Nf6 2. Nc3 d5 3. e5 Nfd7 4. f4 e6 5. Nf3 c5 6. g3 Nc6 7. Bg2 Be7 8. O-O O-O 9. Qe2 a6 10. d3 b5 11. Bd2 Bb7 12. Nd1 Rc8 13. c3 b4 14. c4 dxc4 15. dxc4 Nb6 16. Nf2 a5 17.
Be3 a4 18. Rad1 Qc7 19. Ne4 Ba6 20. b3 Na5 21. Qc2 Rfd8 22. Bh3 g6 23. g4 Qc6 24.
Nf6+ Bxf6 25. exf6 Naxc4 26. bxc4 Nxc4 27. Bc1 Qb5 28. Rxd8+ Rxd8 29. Rd1 Rd5 30. Rxd5 exd5 31. Qe2 Qd7 32.
g5 Qd8 33. Qe7 Qxe7 34. fxe7 Bb5 35. Ne5 Nd6 36. Bd7 Bxd7 37. Nxd7 f5 38. Nxc5 Kf7 39. Nxa4 Ne4 40. Nb6 Nc3 41. a3 Ne2+ 42. Kf2 Nxc1 43. axb4 Nd3+ 44. Ke3 Nxb4 45. Kd4 Kxe7 46. Nxd5+ Nxd5 47. Kxd5 Kd7 48. Ke5 Ke7 49. h3 Kf7 50. Kd6 Kf8 51. Ke6 Kg7 52. Ke7 Kg8 53. Ke8 Kg7 54. Ke7 Kg8 55. Kf6 Kf8 56. h4 Kg8 57. h5 gxh5 58. Kxf5 Kf7 59. Ke4 Kg6 60. Kf3 Kf5 61.
Kg3 Ke4 62. Kh4 Kxf4 63. Kxh5 Kf5 64. Kh6 Kg4 65. Kxh7 Kxg5 1/2-1/2

[Event "*** Titled Tuesday Blitz"]
[Site "Chess.com"]
[Date "2019.12.03"]
[Round "1"]
[White "Sajkochess"]
[Black "IMRosen"]
[Result "0-1"]
[WhiteElo "2251"]
[BlackElo "2602"]
[TimeControl "180+2"]
[EndTime "13:10:08 PST"]
[Termination "IMRosen won by resignation"]

1. e4 c5 2. Nf3 Nc6 3. d4 cxd4 4.
Nxd4 g6 5. Ne2 Bg7 6. g3 Nf6 7. Bg2 O-O 8. O-O d6 9. h3 Bd7 10. Nbc3 Rc8 11. Be3 a6 12. Rc1 b5 13. b3 Qa5 14.
Qd2 Rfe8 15. f4 b4 16. Nd5 Nxd5 17. exd5 Nd8 18. a4 Nb7 19. Nd4 Nc5 20. Rfe1 Rb8 21. Bf2 Qc7 22. g4 e5 23. dxe6 Nxe6 24. Nxe6 Bxe6 25.
Qd3 a5 26. Rcd1 Rbd8 27. Re2 Bc8 28. Rde1 Rxe2 29. Rxe2 Bb7 30. Bd5 Rc8 31. Bxb7 Qxb7 32. Qxd6 Qf3 33. Re3 Qa8 34. Qd3 Rd8 35. Qe2 Qc6 36. Rd3 Re8 37. Re3 Rc8 38. Kh2 h6 39. Kg3 Kh7 40. Qf3 Qxc2 41. f5 Qb2 42. f6 Bxf6 43.
h4 Rc7 44. Re2 Qc3 45. Qxc3 Rxc3+ 46. Re3 Rxe3+ 47. Bxe3 Bd8 48. h5 Kg7 49. Bd4+ Kh7 50. Kf4 Bc7+ 51. Ke4 f5+ 52. gxf5 gxh5 53. Kd5 h4 54.
Ke6 h3 55. Bg1 h2 56. Bxh2 Bxh2 57. f6 Bg1 58. f7 Bc5 59. Kd5 Bf8 60. Kc6 h5 61.
Kb5 h4 62. Kxa5 h3 63. Kb5 h2 64. a5 h1=Q 65. a6 Qa8 0-1

[Event "*** Titled Tuesday Blitz"]
[Site "Chess.com"]
[Date "2019.12.03"]
[Round "1"]
[White "ChainsOfFantasia"]
[Black "Bigfish1995"]
[Result "1-0"]
[WhiteElo "2527"]
[BlackElo "2988"]
[TimeControl "180+2"]
[EndTime "13:10:11 PST"]
[Termination "ChainsOfFantasia won by checkmate"]

1. d4 Nf6 2. Nf3 e6 3. c4 d5 4. Nc3 a6 5. cxd5 exd5 6. Bf4 Be6 7. e3 Nbd7 8. h3 Ne4 9. Bd3 f5 10. O-O c6 11. Ne5 Ndf6 12. f3 Nd6 13. Qe2 Be7 14. Rad1 O-O 15. Kh1 Qa5 16. g4 Rae8 17.
Bh2 c5 18. Bc2 cxd4 19. exd4 Bd8 20. Qg2 fxg4 21. hxg4 Nc4 22. Nxc4 dxc4 23. Be5 Bc7 24. Qh2 Rf7 25. g5 Bxe5 26. dxe5 Nd5 27. Bxh7+ Kf8 28. Bg6 Ne3 29. Bxf7 Kxf7 30. Ne4 Ke7 31. g6 Nf5 32. Nd6 Rf8 33. Nxf5+ Bxf5 34. Qh4+ Ke8 35. Qxc4 Rh8+ 36. Kg1 Qb6+ 37. Qd4 Qxg6+ 38. Kf2 Rh2+ 39.
Ke3 Qh6+ 40. f4 Kf7 41. Rf3 Qh5 42. Qc4+ Kg6 43. Rg1+ Kh7 44. Qc7 Bg6 45. Qe7 Qf5 46. Rxg6 Qxg6 47. Qg5 Qb6+ 48. Ke4 Qc6+ 49. Kf5 g6+ 50.
Kg4 Qd7+ 51. f5 Qd4+ 52. Qf4 Rg2+ 53. Kh3 Qxb2 54. fxg6+ Rxg6 55. Qf7+ Kh6 56. Qf4+ Kh7 57. Qf7+ Kh6 58. Qf8+ Kh5 59. Qh8+ Kg5 60. Qh4# 1-0

[Event "*** Titled Tuesday Blitz"]
[Site "Chess.com"]
[Date "2019.12.03"]
[Round "1"]
[White "Zq1"]
[Black "masrahi"]
[Result "1-0"]
[WhiteElo "2533"]
[BlackElo "1963"]
[TimeControl "180+2"]
[EndTime "13:10:18 PST"]
[Termination "Zq1 won by resignation"]

1. d4 Nf6 2. c4 g6 3. Nc3 Bg7 4. e4 d6 5. Nf3 Na6 6. Be2 e5 7. O-O O-O 8. Re1 exd4 9. Nxd4 Nc5 10. f3 a5 11. Be3 b6 12. Qd2 Nh5 13. Rad1 Qh4 14.
Bf2 Qd8 15. Bf1 Re8 16. Nd5 Bd7 17. b3 Ne6 18. Nb5 c6 19. Bxb6 Qb8 20. Bc7 Nxc7 21. Nbxc7 cxd5 22. Nxe8 Qxe8 23. Qxd5 Be5 24. g3 g5 25. Be2 Be6 26. Qd2 f6 27. f4 gxf4 28. Bxh5 Qxh5 29. gxf4 Qg4+ 30. Kh1 Qxf4 31. Rg1+ Kh8 32.
Qxf4 Bxf4 33. Rgf1 Be5 34. Rd3 a4 35. Rf2 axb3 36. axb3 Ra1+ 37. Kg2 Ra8 38. Rc2 Rg8+ 39. Kf1 Rc8 40. Ke2 Rc7 41. Ke3 Kg7 42. Rd1 Kf7 43.
Rdc1 Ra7 44. b4 Ra3+ 45. Kf2 Bf4 46. Rb1 f5 47. c5 dxc5 48. bxc5 fxe4 49. c6 e3+ 50.
Kf3 Bd6 51. c7 Bd5+ 52. Ke2 Bxc7 53. Rxc7+ Kg6 54. Rbc1 Be4 55. R7c3 Ra2+ 56. Kxe3 Bf5 57. Rg1+ Kf6 58. Rc6+ Ke5 59. Rc5+ Ke6 60. Kf4 Bg6 61. h4 Ra4+ 62. Kg5 Kd6 63. Rgc1 Ra2 64. h5 Rg2+ 65. Kh6 Rh2 66. Rg5 Rxh5+ 67. Rxh5 1-0

[Event "*** Titled Tuesday Blitz"]
[Site "Chess.com"]
[Date "2019.12.03"]
[Round "1"]
[White "Filip_Covic"]
[Black "GrigorGrigorov"]
[Result "0-1"]
[WhiteElo "2450"]
[BlackElo "2828"]
[TimeControl "180+2"]
[EndTime "13:10:19 PST"]
[Termination "GrigorGrigorov won by resignation"]

1. e4 c6 2. d4 d5 3. f3 g6 4. Nc3 Bg7 5. Be3 dxe4 6. fxe4 Nf6 7. Nf3 O-O 8. Be2 c5 9. dxc5 Qa5 10. O-O Ng4 11.
Bd4 Bxd4+ 12. Qxd4 Nc6 13. b4 Qxb4 14. Qxb4 Nxb4 15.
Nd4 Ne3 16. Rf3 Nbxc2 17. Nxc2 Nxc2 18. Rd1 Nb4 19. a3 Nc6 20. Nd5 Kg7 21. Rb3 e5 22. Bb5 Nd4 23. Rb4 Bg4 24. Rc1 Be2 25. Rxd4 Bxb5 26.
Rb4 Bc6 27. Ne7 a5 28. Rb6 Bxe4 29. Re1 Rfe8 30. Rxe4 Rxe7 31. c6 bxc6 32. Rxc6 f5 33. Ra4 e4 34. Kf2 Rd8 35. Ke2 Red7 36. Rc2 Rd5 37.
Rac4 R8d7 38. Rc8 f4 39. Re8 e3 40. Rec8 Rd2+ 41. Kf3 Rxc2 42. Rxc2 g5 43. h4 h6 44.
hxg5 hxg5 45. Rc5 Kf6 46. Rc6+ Ke5 47. Rc5+ Kd4 48. Rxg5 Re7 49. Ke2 Rb7 50. Rxa5 Rb2+ 51. Kf1 Rf2+ 52. Kg1 Ra2 53. Kf1 Ra1+ 54. Ke2 Ra2+ 55.
Kf1 Kd3 56. Rd5+ Ke4 57. Ra5 Ra1+ 58. Ke2 Rg1 59. Ra4+ Kf5 60. Kf3 Rf1+ 61. Ke2 Rf2+ 62. Ke1 Rxg2 63. Ra8 Ra2 64. Ra7 Ke4 65. Re7+ Kf3 0-1

[Event "*** Titled Tuesday Blitz"]
[Site "Chess.com"]
[Date "2019.12.03"]
[Round "1"]
[White "piscatorox"]
[Black "johnathan113"]
[Result "0-1"]
[WhiteElo "2229"]
[BlackElo "2583"]
[TimeControl "180+2"]
[EndTime "13:10:24 PST"]
[Termination "johnathan113 won by resignation"]

1. e4 c5 2. Nf3 g6 3. d4 cxd4 4. Qxd4 Nf6 5. h3 Nc6 6. Qe3 Bg7 7. c4 d6 8. Nc3 O-O 9. Be2 Nd7 10. O-O Nc5 11. Rb1 a5 12. b3 Bxc3 13. Qxc3 Nxe4 14. Qe3 Nf6 15. Qh6 Bf5 16. Ra1 Re8 17. Bb2 e5 18.
Rfd1 Qe7 19. Ba3 Nb4 20. Bxb4 axb4 21. Qd2 d5 22. cxd5 Rad8 23. Qh6 Rxd5 24. Ng5 Rxd1+ 25.
Rxd1 Qf8 26. Qh4 h6 27. Nf3 g5 28. Qc4 Bg6 29. Qb5 Ne4 30. Qxb7 Nc3 31. Re1 Be4 32. Qa6 Ra8 33. Qf6 Rxa2 34. Bc4 Qg7 35. Qd8+ Kh7 36.
Qe8 Bxf3 37. gxf3 Ra7 38. Bd3+ e4 39. Rxe4 f5 40. Re5 Qf7 41. Bxf5+ Kg7 42. Qd8 Qf6 43. Qb8 Rf7 44. Bg4 Qf4 45. Re8 Ne2+ 46. Kf1 Qxb8 47. Rxb8 Nf4 48. Rxb4 h5 49. Bc8 Rc7 50. Rb7 Rxb7 51. Bxb7 Nxh3 52. b4 Nf4 53. Be4 Ne6 54. b5 Nc5 55. b6 h4 56. b7 Na6 57. Kg2 Kf6 58. Kh3 Nb8 59. Bc6 Nxc6 0-1

[Event "*** Titled Tuesday Blitz"]
[Site "Chess.com"]
[Date "2019.12.03"]
[Round "1"]
[White "Supernotar"]
[Black "Eloist"]
[Result "1-0"]
[WhiteElo "2624"]
[BlackElo "2279"]
[TimeControl "180+2"]
[EndTime "13:10:28 PST"]
[Termination "Supernotar won on time"]

1. d4 e6 2. c4 Nf6 3. Nf3 b6 4. g3 Bb7 5. Bg2 Be7 6. Nc3 O-O 7. O-O Ne4 8. Bd2 f5 9. d5 Bf6 10. Rc1 Na6 11. Be1 Nac5 12. Nd4 Qe7 13. Ndb5 a6 14. Nd4 g6 15. Nxe4 Nxe4 16. b3 e5 17. Nc2 Bg5 18. e3 d6 19. f3 Nc5 20. Bc3 a5 21.
Qe2 Rae8 22. Rce1 Bc8 23. Na3 e4 24. f4 Bf6 25. Qd2 Bd7 26. Rd1 Qg7 27. Bxf6 Qxf6 28. Nc2 Qb2 29. Nd4 Qxd2 30. Rxd2 h6 31. Rb1 Kg7 32. Bf1 g5 33. Be2 Rg8 34. Kf2 Kf6 35.
a3 Rg7 36. b4 Na4 37. bxa5 gxf4 38. gxf4 Reg8 39. Bf1 Rg1 40. axb6 Nxb6 41. Rb4 Rh1 42. h3 Rgg1 43. Bg2 Rd1 44. Rxd1 Rxd1 45. Bf1 Rd2+ 46. Ke1 Ra2 47. Rb3 Ba4 48. Rc3 Ra1+ 49. Kf2 Ra2+ 50.
Kg3 Nd7 51. Ne6 c6 52. h4 Rd2 53. dxc6 Kxe6 54. cxd7 Kxd7 55. c5 dxc5 56. Rxc5 Ke6 57. Re5+ Kf6 58. Bh3 Bd7 59. Ra5 h5 60. Ra6+ Be6 61.
Bf1 Rd1 62. Bc4 1-0

[Event "*** Titled Tuesday Blitz"]
[Site "Chess.com"]
[Date "2019.12.03"]
[Round "1"]
[White "vova-79"]
[Black "TigranLPetrosyan"]
[Result "0-1"]
[WhiteElo "2469"]
[BlackElo "2884"]
[TimeControl "180+2"]
[EndTime "13:10:37 PST"]
[Termination "TigranLPetrosyan won on time"]

1. d4 d5 2. c4 c6 3. Nc3 Nf6 4. cxd5 cxd5 5. f3 Nc6 6. e4 e6 7. e5 Nd7 8. f4 a6 9. Nf3 b5 10. Bd3 f5 11. exf6 Nxf6 12. O-O Bb4 13. a4 bxa4 14.
Rxa4 O-O 15. Kh1 Bd7 16. Ra1 Qb6 17. Be3 Ng4 18. Bg1 Rxf4 19. Bxh7+ Kh8 20. Bg6 Raf8 21.
Qe2 Qd8 22. h3 Nh6 23. Ne5 Nxe5 24. dxe5 Bxc3 25. Rxf4 Rxf4 26. bxc3 Bb5 27. Qd2 Rf8 28. Be3 Qh4 29. Bg5 Qg3 30. Bxh6 Qxg6 31. Bf4 Qe4 32. Bg3 Rf5 33. Re1 Qd3 34. Qxd3 Bxd3 35. Rd1 Rf1+ 36.
Rxf1 Bxf1 37. Kg1 Bc4 38. Bf2 a5 39. Bc5 Kh7 40. Kf2 Kg6 41. g4 a4 42. Kg3 Be2 43. h4 Bd1 44. h5+ Kh6 45. Kh4 Be2 46. g5+ Kh7 47.
g6+ Kg8 48. Kg5 Bd3 49. Ba3 Bc2 50. Bb4 Bd3 51. Ba3 Bb1 52. Bb4 Bc2 53. Ba3 Bd3 54.
Bb4 Bc4 55. Ba3 d4 56. Bb4 d3 57.
Ba3 d2 0-1

[Event "*** Titled Tuesday Blitz"]
[Site "Chess.com"]
[Date "2019.12.03"]
[Round "1"]
[White "Glufs"]
[Black "IMTominho"]
[Result "1/2-1/2"]
[WhiteElo "2369"]
[BlackElo "2712"]
[TimeControl "180+2"]
[EndTime "13:10:37 PST"]
[Termination "Game drawn by agreement"]

1. Nf3 d5 2. g3 Nf6 3. Bg2 Bf5 4. c4 e6 5. O-O c6 6. Qb3 Qb6 7. cxd5 exd5 8. d3 Nbd7 9. Be3 Bc5 10. Bxc5 Nxc5 11. Qc2 O-O 12. Nc3 h6 13. Rfe1 Rfe8 14. Rac1 Rad8 15. Nb1 Ne6 16. Nbd2 Bh7 17. Nb3 Ng4 18. e3 Rc8 19. h3 Nf6 20. Red1 c5 21. Qc3 Red8 22. Qe5 Qa6 23. Qc3 b6 24. a3 Qa4 25.
Kh2 Rc7 26. Nbd2 Qa6 27. Bf1 d4 28. Qc4 Qxc4 29. Nxc4 dxe3 30. fxe3 Kf8 31. Kg1 Nd5 32. Kf2 Ne7 33. g4 Nc6 34. Be2 Rcd7 35. Nfe5 Nxe5 36. Nxe5 Rd6 37. Nc4 Rd5 38. Rc3 f6 39. a4 Ng5 40.
Kg3 Nf7 41. Kf2 Ke7 42. b3 Ne5 43. Nxe5 Rxe5 44. d4 Red5 45. Bf3 cxd4 46. Rc7+ R5d7 47. Rxd7+ Rxd7 48. Rxd4 Rc7 49. Be4 Bg8 50. Bd5 Bxd5 51. Rxd5 Rc3 52. Rb5 Kd6 53. Kf3 Kc6 54. Ke4 a6 55.
Kd4 Rc1 56. Rf5 Rh1 57. Rh5 Rb1 58. Kc3 Rd1 59. Kc2 Rd5 60. Rxd5 Kxd5 61. Kd3 a5 62. h4 g6 63. e4+ Ke5 64. Ke3 f5 65. exf5 gxf5 66.
g5 hxg5 67. hxg5 f4+ 68. Kf3 Kf5 69. g6 Kxg6 70. Kxf4 Kf6 71. Ke4 Ke6 72. Kd4 Kd6 73. Kc4 Kc6 74. b4 1/2-1/2